 Dungeon Crawl Stone Soup version 0.31-a0-532-g28f74ba3e5 (webtiles) character file.

Game seed: 16744253698147973478

115 duskshroud the Chopper (level 4, -1/41 HPs)
             Began as a Minotaur Berserker on Aug 12, 2023.
             Was a Follower of Trog.
             Killed by divine providence
             ... invoked by an orc priest
              (13 damage)
             ... on level 3 of the Dungeon.
             The game lasted 00:03:35 (1460 turns).

duskshroud the Chopper (Minotaur Berserker)         Turns: 1460, Time: 00:03:36

Health: -1/41      AC: 11    Str: 21    XL:     4   Next: 68%
Magic:  3/3        EV:  7    Int:  4    God:    Trog [*.....]
Gold:   137        SH:  0    Dex: 12    Spells: 3/3 levels left

rFire   . . .        a - +0 hand axe
rCold   . . .        (no shield)
rNeg    . . .        l - +0 plate armour
rPois   .            (helmet restricted)
rElec   .            (no cloak)
rCorr   .            (no gloves)
SInv    .            (no boots)
Will    .....        (no amulet) Stlth
                     (no ring)
HPRegen 0.26/turn    (no ring)
MPRegen 0.08/turn

%: no passive effects
@: on berserk cooldown, slowed, very slow
A: horns 2, retaliatory headbutt
a: Renounce Religion, Berserk


You were on level 3 of the Dungeon.
You worshipped Trog.
Trog was aware of your devotion.
You visited 1 branch of the dungeon, and saw 3 of its levels.

You collected 137 gold pieces.

Inventory:

Hand Weapons
 a - a +0 hand axe (weapon)
Armour
 l - a +0 plate armour (worn)
Scrolls
 c - a scroll of revelation {unknown}
 g - 2 scrolls of blinking {unknown}
 i - a scroll of noise {unknown}
 j - 2 scrolls of teleportation {unknown}
 k - 2 scrolls of identify {unknown}
Potions
 b - a potion of ambrosia {unknown}
 d - a potion of enlightenment {unknown}
 e - 2 potions of might {unknown}
 f - 2 potions of heal wounds {unknown}
 h - 3 potions of curing {unknown}


   Skills:
 + Level 4.3 Fighting
 * Level 5.0 Axes
 + Level 3.4 Armour
 + Level 3.0 Dodging


You had 3 spell levels left.
You didn't know any spells.
Your spell library was empty.

Dungeon Overview and Level Annotations

Branches:
Dungeon (3/15)

Altars:

Shops:
D:2 (


Innate Abilities, Weirdness & Mutations

You have a pair of horns on your head.
You reflexively headbutt those who attack you in melee.


Message History

A gnoll comes into view. It is wielding a +0 club.
The gnoll shouts!
The orc hits you but does no damage.
A gnoll comes into view. It is wielding a +0 club.
You slash the orc!
You kill the orc!
Trog accepts your kill.
The orc priest mumbles some strange prayers to Beogh against you.
Beogh smites you!
You hit the orc.
The orc is moderately wounded.
The orc hits you but does no damage.
A gnoll comes into view. It is wielding a +0 club.
You barely miss the orc.
The orc is moderately wounded.
You slash the orc!
You kill the orc!
Trog accepts your kill.
A gnoll comes into view. It is wielding a +0 flail.
You completely miss the kobold.
The gnoll shouts!
Your headbutt misses the kobold. The kobold barely misses you.
You slash the kobold!
You kill the kobold!
Trog accepts your kill.
The orc priest looks braver for a moment.
Items here: $ (( ))) [[ †.
You closely miss the orc priest. Your headbutt misses the orc priest.
The orc priest hits you with a +2 heavy mace!
* * * LOW HITPOINT WARNING * * *
You hit the orc priest.
The orc priest is moderately wounded.
You hit the orc priest.
The orc priest is severely wounded.
You are no longer berserk.
You are exhausted.
You feel yourself slow down.
The orc priest invokes the aid of Beogh against you.
Beogh smites you!
You die...

..#.........
##...K..)....
............ ...
........... ...
.......... .....
......... .. #.#
########g.......
.###.##
###.....@ogg.#
......#
#...########......
......###.### ##
##... ..........#
. . ......##### .#
......# ####.#
......# ##....#
.#..##### ## .....
.#......###.)#..#


You could see an orc priest and 3 gnolls.

Vanquished Creatures
  2 orc wizards (D:3)
  2 adders
  2 worms
  A dart slug (D:2)
  6 orcs
  An endoplasm (D:2)
  7 goblins
  A hobgoblin (D:1)
  4 ball pythons
  3 bats
  2 frilled lizards
  6 kobolds
  A rat (D:2)
38 creatures vanquished.

Notes
Turn   | Place    | Note
-------+----------+-------------------------------------------
     0 | D:1      | duskshroud the Minotaur Berserker began the quest for the
                  | Orb.
     0 | D:1      | Reached XP level 1. HP: 19/19 MP: 0/0
   872 | D:2      | Reached skill level 4 in Axes
   872 | D:2      | Reached XP level 2. HP: 27/27 MP: 1/1
  1126 | D:2      | Found Etimp's Weapon Boutique.
  1136 | D:2      | Reached XP level 3. HP: 29/33 MP: 2/2
  1279 | D:3      | Reached XP level 4. HP: 37/40 MP: 3/3
  1449 | D:3      | Reached skill level 5 in Axes
  1460 | D:3      | Killed from afar by an orc priest

Illustrated notes

Levels and vault maps discovered:
D:1:      lightli_molten_gateway, layout_basic
D:2:      layout_rooms, serial_shops, nicolae_shop_bloodbath_and_beyond
D:3:      layout_rooms, lightli_temple_of_fire

Skill      XL: |  1  2  3  4 |
---------------+-------------+-----
Axes           | 4 5 |  5.0
Fighting       | 4 |  4.3
Armour         | 3 |  3.4
Dodging        | 3 |  3.0

Action                     |  1- 3 |  4- 6 || total
---------------------------+-------+-------++-------
  Melee: Hand axe          |    65 |    27 ||    92
         Headbutt          |     6 |     3 ||     9
 Invoke: Berserk           |       |     2 ||     2
 Armour: Chain mail        |    23 |       ||    23
         Plate armour      |    15 |    20 ||    35
  Dodge: Dodged            |    33 |     9 ||    42

Table legend: (Time is in decaauts)
 A = Elapsed time spent in this place.
 B = Non-inter-level travel time spent in this place.
 C = Inter-level travel time spent in this place.
 D = Time resting spent in this place.
 E = Time spent auto-exploring this place.
 F = Levels seen in this place.
 G = Mean time per level.
                   A        B        C        D        E       F      G
               +--------+--------+--------+--------+--------+-----+--------+
         Total |   1476 |   1407 |     69 |     87 |   1019 |   3 |  492.0 |
       Dungeon |   1476 |   1407 |     69 |     87 |   1019 |   3 |  492.0 |
               +--------+--------+--------+--------+--------+-----+--------+

Top non-repeatable levels by time:
     D:1: 813 daAuts
     D:2: 531 daAuts
     D:3: 130 daAuts
